cohdb
Replays
Latest Replays
All Replays
Popular Replays
Top Player Replays
Match Explorer
How It Works
Community
CoH3 Stats
Reddit
Sign in to upload your games and track your stats! →
Sign in with Steam
Match 45688859
Unlisted
Match 45688859
Overview
Messages
Build Orders
End
Engineer Squad
Construct Barracks
1⁄4-ton 4x4 Truck
Riflemen Squad
Riflemen Squad
Riflemen Squad
Infantry Support Center
M1918 Browning Automatic Rifles
Grenade Package
Selects Special Operations Battlegroup
Selects M29 Weasel with M1 Pack Howitzer
Selects Smoke Screen
M29 Weasel with M1 Pack Howitzer
Selects SSF Commando Squad
SSF Commando Squad
Construct Tank Depot
Engineer Squad
Selects Air Re-supply Operation
M4A1 Sherman Medium Tank
Engineer Squad
SSF Commando Squad
Advanced Logistics
Riflemen Squad
Survival Training
Selects P-47 Anti-Infantry Loiter
Selects M4A1 Sherman Whizbang
SSF Commando Squad
P-47 Anti-Infantry Loiter
SSF Commando Squad
Construct Weapon Support Center
P-47 Anti-Infantry Loiter
Herr Blautier
TBoR
reaQtion
Mr. Flibble
0
0
Comments
sign in to comment!
No comments posted yet!